 Dungeon Crawl Stone Soup version 0.30.1-4-g462c640d31 (webtiles) character file.

Game seed: 8671225093821900252

235 Peloso the Trooper (level 5, -3/48 HPs)
             Began as a Minotaur Fighter on Aug 19, 2023.
             Slain by a river rat (5 damage)
             ... summoned by Eustachio
             ... on level 4 of the Dungeon.
             The game lasted 00:04:24 (3652 turns).

Peloso the Trooper (Minotaur Fighter)               Turns: 3652, Time: 00:04:24

Health: -3/48      AC:  9    Str: 21    XL:     5   Next: 76%
Magic:  4/4        EV:  8    Int:  5    God:
Gold:   106        SH:  5    Dex: 11    Spells: 4/4 levels left

rFire   + . .        a - +0 long sword
rCold   . . .        d - +0 buckler
rNeg    . . .        c - +0 chain mail
rPois   .            (helmet restricted)
rElec   .            (no cloak)
rCorr   .            (no gloves)
SInv    .            (no boots)
Will    .....        (no amulet) Stlth
                     l - ring of protection from fire
HPRegen 0.28/turn    (no ring)
MPRegen 0.09/turn

%: no passive effects
@: no status effects
A: horns 2, retaliatory headbutt
a: no special abilities


You were on level 4 of the Dungeon.
You visited 1 branch of the dungeon, and saw 4 of its levels.

You collected 106 gold pieces.

Inventory:

Hand Weapons
 a - a +0 long sword (weapon)
 b - a +0 spear of flaming
Armour
 c - a +0 chain mail (worn)
 d - a +0 buckler (worn)
Jewellery
 l - a ring of protection from fire (left hand)
Scrolls
 g - a scroll of teleportation
 h - a scroll of fog {unknown}
 i - a scroll of enchant weapon {unknown}
 j - a scroll of immolation
 k - a scroll of enchant armour {unknown}
 m - a scroll of magic mapping {unknown}
 p - a scroll of identify
 t - a scroll of amnesia {unknown}
Potions
 e - a potion of might
 n - 2 potions of heal wounds {unknown}
 o - a potion of cancellation {unknown}
 q - a potion of lignification {unknown}
 r - a potion of haste
 s - a potion of brilliance {unknown}


   Skills:
 + Level 5.0 Fighting
 + Level 4.4 Long Blades
 + Level 4.6 Armour
 + Level 1.4 Dodging
 + Level 0.1 Stealth
 + Level 4.7 Shields


You had 4 spell levels left.
You didn't know any spells.
Your spell library contained the following spells:

 Spells                   Type           Power      Damage    Failure   Level
 Sandblast                Erth           0%         2d4       99%         1
 Passwall                 Tmut/Erth      0%         N/A       100%        2
 Poisonous Vapours        Pois/Air       0%         N/A       100%        2
 Mephitic Cloud           Conj/Pois/Air  0%         N/A       100%        3
 Stone Arrow              Conj/Erth      0%         3d7       100%        3
 Freezing Cloud           Conj/Ice/Air   0%         6-21      100%        5


Dungeon Overview and Level Annotations

Branches:
Dungeon (4/15)
 Temple: D:4-7

Altars:

Annotations:
D:4 Eustachio


Innate Abilities, Weirdness & Mutations

You have a pair of horns on your head.
You reflexively headbutt those who attack you in melee.


Message History

Eustachio is heavily wounded.
The river rat barely misses you. You furiously retaliate!
You headbutt the river rat.
Eustachio drinks a potion.
Eustachio is healed!
You block the river rat's attack. Eustachio barely misses you.
You furiously retaliate!
You headbutt Eustachio.
Unknown command.
You barely miss Eustachio.
Eustachio is heavily wounded.
The ufetubus hits you.
* * * LOW HITPOINT WARNING * * *
The ufetubus hits you but does no damage. x3
Eustachio hits you with a +0 falchion.
* * * LOW HITPOINT WARNING * * *
The river rat bites you.
* * * LOW HITPOINT WARNING * * *
Unknown command.
You hit Eustachio but do no damage.
Eustachio is heavily wounded.
The ufetubus hits you but does no damage. x3
The ufetubus barely misses you.
Eustachio utters an oath, "I will die for my friends!"
Eustachio hits you but does no damage. You block the river rat's attack.
Unknown command.
You slash Eustachio! Your headbutt misses Eustachio.
Eustachio is severely wounded.
The ufetubus hits you but does no damage.
The ufetubus barely misses you. The shadow imp completely misses you.
Eustachio closely misses you. The river rat bites you.
* * * LOW HITPOINT WARNING * * *
The ufetubus hits you.
* * * LOW HITPOINT WARNING * * *
The ufetubus hits you but does no damage.
You closely miss Eustachio.
Eustachio is severely wounded.
The shadow imp hits you but does no damage.
The ufetubus barely misses you. You furiously retaliate!
You headbutt the ufetubus. The ufetubus closely misses you.
Eustachio barely misses you. You furiously retaliate!
You headbutt Eustachio! The river rat bites you.
You die...

#.. ##...## ##.. ..#
#....# ####.. #..
#....######..5..
#..##....†>.....r5..
###..#...........#....
###....#......)....#...#
...................#...#
######5@..............#
#@r5.............#
##5..............#
#...............#
................
#................
...#.........
....###...... ....# #...


You could see Eustachio, a river rat (summoned), a shadow imp (summoned) and 2
ufetubi.

Vanquished Creatures
  A phantom (D:2)
  An iguana (D:4)
  Robin (D:4)
  4 adders
  An ufetubus (D:3)
  2 worms
  A dart slug (D:1)
  2 orcs
  5 bats (D:1)
  5 endoplasms
  A giant cockroach (D:3)
  14 goblins
  6 hobgoblins
  7 jackals
  5 kobolds
  2 quokkas (D:3)
  3 ball pythons
  4 frilled lizards
  8 rats
73 creatures vanquished.

Notes
Turn   | Place    | Note
-------+----------+-------------------------------------------
     0 | D:1      | Peloso the Minotaur Fighter began the quest for the Orb.
     0 | D:1      | Reached XP level 1. HP: 19/19 MP: 0/0
    68 | D:1      | Reached skill level 4 in Fighting
    68 | D:1      | Reached XP level 2. HP: 23/27 MP: 1/1
   437 | D:2      | Reached XP level 3. HP: 33/33 MP: 2/2
   460 | D:2      | Noticed a phantom
   472 | D:2      | Killed a phantom
   473 | D:2      | Reached skill level 1 in Dodging
   473 | D:2      | Reached XP level 4. HP: 40/41 MP: 3/3
  2707 | D:3      | Reached XP level 5. HP: 43/47 MP: 4/4
  3306 | D:4      | Noticed Robin
  3344 | D:4      | Killed Robin
  3522 | D:4      | Reached skill level 5 in Fighting
  3546 | D:4      | Noticed Eustachio
  3651 | D:4      | HP: 2/48 [ufetubus[Eustachio] (2)]
  3652 | D:4      | Slain by a river rat

Illustrated notes

Levels and vault maps discovered:
D:1:      mainiacjoe_arrival_reflecting_pool, layout_rooms
D:2:      layout_loops_ring
D:3:      layout_loops_ring
D:4:      layout_layer_cave, minmay_temple_entry_fiery, uniq_robin,
          uniq_eustachio

Skill      XL: |  1  2  3  4  5 |
---------------+----------------+-----
Fighting       | 4 5 |  5.0
Shields        | 4 |  4.7
Long Blades    | 3 4 |  4.4
Armour         | 4 |  4.6
Dodging        | 1 |  1.4
Stealth        | |  0.1

Action                     |  1- 3 |  4- 6 || total
---------------------------+-------+-------++-------
  Melee: Long sword        |    52 |   144 ||   196
         Headbutt          |     4 |    19 ||    23
    Use: Potion            |     1 |     3 ||     4
         Scroll            |     1 |     1 ||     2
 Armour: Scale mail        |    38 |     5 ||    43
         Chain mail        |       |   126 ||   126
  Dodge: Dodged            |    42 |    90 ||   132
  Block: Buckler           |    16 |    45 ||    61
